 Dungeon Crawl Stone Soup version 0.27-a0-1273-gec92ba881d (webtiles) character file.

Game seed: 1638697977019521252

34445 Ge0ff the Severer (level 13, -7/73 (81) HPs)
             Began as a Deep Dwarf Fighter on June 11, 2021.
             Was a High Priest of Jiyva.
             Mangled by a tentacled starspawn (24 damage)
             ... on level 2 of the Abyss.
             The game lasted 01:18:43 (8704 turns).

Ge0ff the Severer (Deep Dwarf Fighter)              Turns: 8704, Time: 01:18:44

HP:   -7/73 (81)    AC: 19    Str: 19      XL:     13   Next: 42%
MP:   0/0           EV:  5    Int:  6 (8)  God:    Jiyva [*****.]
Gold: 452           SH: 10    Dex:  6 (7)  Spells: 19/22 levels left

rFire    + + .     SeeInvis .   a - +3 hand axe (elec)
rCold    + + .     Faith    .   c - +1 kite shield
rNeg     . . .     Spirit   .   Q - +0 plate armour
rPois    .         Reflect  .   (no helmet)
rElec    .         Harm     .   O - +1 cloak of the Valley of Death {rC+ Will+ Int-2 Stlth+}
rCorr    +         Rampage  .   (no gloves)
Will     ++...                  Z - +0 pair of boots
Stlth    ..........             (no amulet)
HPRegen  0.00/turn              J - ring of protection from cold
MPRegen  0.07/turn              E - ring of protection from fire

@: unable to read, drained
A: damage resistance, heal wounds, sense surroundings 2, no regeneration, claws
1, iridescent scales 1, fire resistance 1, strong 1, evolution 1, [clumsy 2],
[deterioration 2], [dopey 2], [frail 3], [low mp 3], [screaming 2], [weak 2],
[no potion heal 2], [subdued magic 2], [inability to read while threatened]
a: Heal Wounds, Renounce Religion, Request Jelly, Slimify, Cure Bad Mutation


You were on level 2 of the Abyss.
You worshipped Jiyva.
Jiyva was extremely pleased with you.
You visited 4 branches of the dungeon, and saw 20 of its levels.
You visited the Abyss 1 time.

You collected 579 gold pieces.
You spent 127 gold pieces at shops.

Inventory:

Hand Weapons
 a - a +3 hand axe of electrocution (weapon)
 K - the +5 flail of Experimentation {drain, rF+ rN+}
   (You found it on level 6 of the Lair of Beasts)

   A truly terrible weapon, it drains the life of those it strikes.
   It protects you from fire.
   It protects you from negative energy.
 M - a +0 war axe
Missiles
 g - a throwing net {=f}
 C - 8 silver boomerangs
 L - 2 boomerangs (quivered)
 N - 3 javelins
 V - 11 poisoned darts
Armour
 c - a +1 kite shield (worn)
 G - a +0 tower shield
 I - the +1 scale mail of Indecent Exposure {Str+6}
   (You found it on level 1 of the Lair of Beasts)

   It affects your strength (+6).
 O - the +1 cloak of the Valley of Death (worn) {rC+ Will+ Int-2 Stlth+}
   (You found it on level 6 of the Dungeon)

   It affects your intelligence (-2).
   It protects you from cold.
   It increases your willpower.
   It makes you more stealthy.
 Q - a +0 plate armour (worn)
 U - a scarf of invisibility
 Z - a +0 pair of boots (worn)
Jewellery
 z - a ring of ice
 E - a ring of protection from fire (right claw)
 J - a ring of protection from cold (left claw)
 Y - a ring of fire
Wands
 e - a wand of charming (4)
 P - a wand of polymorph (9)
Scrolls
 m - a scroll of magic mapping
 B - a scroll of enchant weapon
 F - a scroll of fog
 T - 3 scrolls of teleportation
 W - 3 scrolls of fear
Potions
 q - 4 potions of curing
 A - a potion of attraction
 D - a potion of mutation {!q}
 R - 2 potions of resistance
 X - 3 potions of flight


   Skills:
 * Level 7.9 Fighting
 - Level 16.0 Axes
 + Level 8.8 Armour
 + Level 3.6 Dodging
 + Level 5.3 Shields
 + Level 5.4 Spellcasting
 + Level 6.6 Translocations
 - Level 6.0 Transmutations
 + Level 8.3 Evocations


You had 19 spell levels left.
You knew the following spells:

 Your Spells              Type           Power      Damage    Failure   Level
g - Apportation           Tloc           10%        N/A       75%         1
s - Wereblood             Tmut           5%         N/A       92%         2

Your spell library contained the following spells:

 Spells                   Type           Power      Damage    Failure   Level
 Beastly Appendage        Tmut           10%        N/A       83%         1
 Lesser Beckoning         Tloc           2%         N/A       98%         3
 Shock                    Conj/Air       4%         1d3       100%        1
 Static Discharge         Conj/Air       1%         N/A       100%        2
 Spider Form              Tmut/Pois      1%         N/A       100%        3
 Swiftness                Air            1%         N/A       100%        3
 Tukima's Dance           Hex            1%         N/A       100%        3
 Airstrike                Air            0%         N/A       100%        4
 Ice Form                 Ice/Tmut       3%         N/A       100%        4
 Alistair's Intoxication  Tmut/Pois      2%         N/A       100%        5
 Lightning Bolt           Conj/Air       0%         1d11      100%        5
 Invisibility             Hex            0%         N/A       100%        6


Dungeon Overview and Level Annotations

Branches:
Dungeon (12/15)            Temple (0/1) D:4            Lair (6/6) D:9
 Shoals (1/4) Lair:3       Spider (1/4) Lair:2        Slime (0/5) Lair:5
    Orc: D:9-12

Altars:
Dithmenos
Kikubaaqudgha
Ru
Uskayaw
Beogh
Jiyva

Shops:
D:9 :[?[[

Portals:
Abyss: D:6

Annotations:
D:6 1 transporter, tilp's ghost, novice BaSu
D:9 $400 for 3 blinks
Lair:2 spider NW
Lair:3 2 transporters Shoals N center, PeterLawrence's ghost, journeyman MiFi
Shoals:1 Nikola


Innate Abilities, Weirdness & Mutations

You are resistant to damage.
You can heal yourself by infusing magical energy.
You passively map the area around you.
You do not regenerate.
You have sharp fingernails.
You are partially covered in iridescent scales. (AC +2)
Your flesh is heat resistant. (rF+)
Your muscles are strong. (Str +2)
You evolve.
[You are very clumsy. (Dex -4)]
[Your body often deteriorates upon taking damage.]
[You are very dopey. (Int -4)]
[You are extremely frail. (-30% HP)]
[Your magical capacity is extremely low. (-30% MP)]
[You frequently scream uncontrollably at your foes.]
[You are very weak. (Str -4)]
[Potions cannot restore your health.]
[Your spells are easier to cast, but less powerful.]
[You sometimes lose the ability to read scrolls when taking damage.]


Message History

Press: ? - help, Q - select action, (/) - cycle Shift-Dir - straight line, f/p - quasit
Aim: a quasit (24% to hit)
You throw a boomerang. The boomerang misses the quasit.
You block the quasit's attack.
The quasit claws you but does no damage. x2
You hit the quasit. Lightning courses through the quasit!
You kill the quasit!
You hear a distant slurping noise.
You feel better.
You hit the tentacled starspawn.
The tentacled starspawn is lightly damaged.
You slash the tentacled starspawn!
Lightning courses through the tentacled starspawn!!
The tentacled starspawn is moderately damaged.
A tentacle flies out from the starspawn's body!
You hear a distant slurping noise.
You feel better.
A starspawn tentacle comes into view.
You slash the tentacled starspawn!
The tentacled starspawn is heavily damaged.
You block the tentacled starspawn's attack.
The tentacled starspawn tentacle-slaps you but does no damage.
Your shield prevents you from hitting the tentacled starspawn.
The tentacled starspawn is heavily damaged.
You hear a distant slurping noise.
You feel better. The tentacled starspawn bites you!!
Your body deteriorates!
You feel dopey.
The tentacled starspawn tentacle-slaps you.
You slash the tentacled starspawn!
The tentacled starspawn is heavily damaged.
You hit the tentacled starspawn.
Lightning courses through the tentacled starspawn!
The tentacled starspawn is almost destroyed.
The tentacled starspawn bites you!!
You feel threatened and lose the ability to read scrolls!
The tentacled starspawn tentacle-slaps you!
* * * LOW HITPOINT WARNING * * *
Your body deteriorates!
You feel clumsy.
You hear a distant slurping noise.
You feel better.
You hit the tentacled starspawn.
The tentacled starspawn is almost destroyed.
You hit the tentacled starspawn.
The tentacled starspawn is almost destroyed.
You barely miss the tentacled starspawn.
The tentacled starspawn is almost destroyed.
You hit the tentacled starspawn but do no damage.
The tentacled starspawn is almost destroyed.
The tentacled starspawn bites you!!
You die...

.. ###.##
.. .. ...#
### ### .#
#........##
#.########
#.# #.# #.#
# #@# . #X#
#w# #.#
#.#. #.# #
#.# #.# .


You could see a tentacled starspawn and a starspawn tentacle.

Vanquished Creatures
  A catoblepas (Lair:6)
  A harpy (Shoals:1)
  4 wolf spiders
  2 moths of wrath
  A merfolk siren (Lair:3)
  3 black mambas
  7 cane toads
  A smoke demon (Abyss:2)
  A rime drake (Lair:1)
  2 demonic crawlers (Lair:2)
  10 komodo dragons
  A troll (D:10)
  A harpy zombie (Abyss:1)
  7 jumping spiders
  11 polar bears
  26 blink frogs
  6 dream sheep (Lair:5)
  4 redbacks
  Sigmund (D:7)
  A shadow (Abyss:2)
  3 wyverns
  A small abomination (Abyss:1)
  3 basilisks (Lair:1)
  25 yaks
  A steam dragon (D:9)
  A swamp worm (Lair:5)
  4 wargs (Lair:6)
  4 water moccasins
  16 hell hounds (Lair:6)
  5 orc warriors
  3 sky beasts
  9 black bears (Lair:6)
  An ice beast (D:7)
  23 wolves
  3 centaurs
  4 bullfrogs
  A kobold brigand (D:10)
  A gnoll sergeant (D:5)
  A scorpion (D:6)
  3 water moccasin skeletons
  3 killer bees (D:10)
  11 wights
  A howler monkey (D:8)
  An electric eel (Lair:3)
  2 centaur zombies
  A quasit (Abyss:2)
  5 orc priests
  A hound (D:6)
  An iron imp (D:8)
  2 iguanas
  9 orc wizards
  4 hell rats (Lair:2)
  8 gnolls
  A howler monkey skeleton (D:4)
  5 adders
  A white imp (D:5)
  2 ufetubi
  3 dart slugs
  44 orcs
  A giant cockroach (D:3)
  7 goblins
  3 hobgoblins
  8 jackals
  6 kobolds
  2 quokkas
  3 ball pythons
  2 bats
  5 frilled lizards
  4 rats (D:1)
349 creatures vanquished.

Vanquished Creatures (collateral kills)
  A cane toad (Lair:6)
1 creature vanquished.

Vanquished Creatures (others)
  A tentacled starspawn (Abyss:2)
  A great orb of eyes (Abyss:2)
  A wolf spider (Lair:2)
  3 cane toads (Lair:5)
  A komodo dragon (Lair:1)
  3 fire bats (Abyss:2)
  7 yaks (Lair:5)
  A basilisk (Lair:6)
  2 water moccasins (D:8)
  2 necrophages
  2 black bears (Lair:6)
  A bullfrog (Lair:5)
  2 howler monkeys (D:9)
  35 jellies
  3 centaur zombies
  2 orc priests
  Natasha (thrice) (D:3)
  An orc wizard (D:12)
  3 adders
  An ufetubus (D:4)
  An endoplasm (D:3)
  12 orcs
  A bat (D:1)
  2 giant cockroaches
  3 goblins
  3 hobgoblins
  A quokka (D:3)
  A frilled lizard (D:2)
  2 kobolds (D:10)
  A bush (Lair:5)
  38 fungi
  A lurking horror (Abyss:2)
  71 plants
  4 starspawn tentacles (Abyss:2)
216 creatures vanquished.

Grand Total: 566 creatures vanquished

Notes
Turn   | Place    | Note
-------+----------+-------------------------------------------
     0 | D:1      | Ge0ff the Deep Dwarf Fighter began the quest for the Orb.
     0 | D:1      | Reached XP level 1. HP: 20/20 MP: 1/1
    65 | D:2      | Reached skill level 1 in Dodging
    65 | D:2      | Reached XP level 2. HP: 28/28 MP: 2/2
    82 | D:2      | Found a faded altar of an unknown god.
    95 | D:2      | Became a worshipper of Jiyva Juotiffe the Shapeless
    95 | D:2      | Reached * piety under Jiyva
   107 | D:2      | Reached skill level 3 in Axes
   353 | D:3      | Reached XP level 3. HP: 24/34 MP: 3/3
   382 | D:4      | Found a staircase to the Ecumenical Temple.
   382 | D:4      | Reached ** piety under Jiyva
   394 | D:4      | Killed a necrophage
   402 | D:5      | Entered Level 5 of the Dungeon
   430 | D:5      | Noticed a gnoll sergeant
   468 | D:4      | Reached skill level 4 in Axes
   468 | D:4      | Reached XP level 4. HP: 32/42 MP: 4/4
   491 | D:5      | Your magical essence is drained by the effort!
   493 | D:5      | Killed a gnoll sergeant
   494 | D:5      | Reached skill level 5 in Axes
   494 | D:5      | Reached XP level 5. HP: 30/49 MP: 4/4
   499 | D:5      | Your magical essence is drained by the effort!
   528 | D:5      | Found an ancient bone altar of Kikubaaqudgha.
   596 | D:5      | Reached skill level 1 in Evocations
   643 | D:6      | Your magical essence is drained by the effort!
   652 | D:6      | Reached XP level 6. HP: 56/56 MP: 3/3
   657 | D:6      | Reached skill level 6 in Axes
   711 | D:7      | Noticed an ice beast
   713 | D:7      | Killed an ice beast
   714 | D:7      | Reached skill level 1 in Spellcasting
   714 | D:7      | Reached XP level 7. HP: 44/63 MP: 5/5
   785 | D:7      | Found a sacrificial altar of Ru.
   818 | D:7      | Reached skill level 7 in Axes
   861 | D:7      | Reached skill level 8 in Axes
   951 | D:8      | Reached XP level 8. HP: 46/72 MP: 6/6
   987 | D:7      | Noticed Sigmund
   988 | D:7      | Killed Sigmund
  1068 | D:8      | Reached skill level 9 in Axes
  1098 | D:8      | Reached skill level 5 in Armour
  1171 | D:8      | Reached *** piety under Jiyva
  1331 | D:9      | Found Guaphila's Book Emporium.
  1379 | D:9      | Found a shadowy altar of Dithmenos.
  1413 | D:9      | Found Zael's Magic Scroll Shoppe.
  1433 | D:9      | Found Codill's Armour Boutique.
  1448 | D:9      | Learned a level 1 spell: Apportation
  1462 | D:9      | Reached skill level 10 in Axes
  1462 | D:9      | Your magical essence is drained by the effort!
  1509 | D:9      | Found Elaholl's Armour Emporium.
  1561 | D:9      | Reached **** piety under Jiyva
  1561 | D:9      | Gained mutation: You passively map the area around you.
                  | [Jiyva's grace]
  1592 | D:9      | Found Dimailua's Antique Armour Shoppe.
  1619 | D:9      | Found a staircase to the Lair.
  1649 | D:9      | Mutation became permanent: You passively map a small area
                  | around you. [Deep Dwarf growth]
  1649 | D:9      | Gained mutation: You passively map the area around you.
                  | [Deep Dwarf growth]
  1649 | D:9      | Reached XP level 9. HP: 44/78 MP: 6/6
  1652 | D:9      | Found a hide-covered altar of Uskayaw.
  1699 | D:9      | Reached skill level 11 in Axes
  1720 | D:9      | Gained mutation: You expend magic power (3 MP) to
                  | strengthen your wands. [Jiyva's grace]
  1728 | D:10     | Entered Level 10 of the Dungeon
  1784 | D:10     | Noticed a troll
  1788 | D:10     | Learned a level 2 spell: Wereblood
  1797 | D:10     | Killed a troll
  1798 | D:10     | Reached skill level 1 in Translocations
  1814 | D:10     | Noticed a komodo dragon
  1830 | D:10     | Reached skill level 1 in Transmutations
  1847 | D:10     | Reached skill level 5 in Evocations
  1857 | D:10     | Killed a komodo dragon
  1900 | D:10     | Reached ***** piety under Jiyva
  1919 | D:10     | Reached XP level 10. HP: 64/87 MP: 10/10
  2109 | D:9      | Gained mutation: Your muscles are strong. (Str +2) [Jiyva's
                  | grace]
  2167 | D:9      | Bought a scroll of blinking for 127 gold pieces
  2205 | Lair:1   | Entered Level 1 of the Lair of Beasts
  2222 | Lair:1   | Reached skill level 5 in Fighting
  2323 | Lair:1   | Noticed a cane toad
  2330 | Lair:1   | Killed a cane toad
  2331 | Lair:1   | Reached skill level 5 in Translocations
  2398 | Lair:1   | Identified the +1 scale mail of Indecent Exposure {Str+6}
  2445 | Lair:2   | Noticed a cane toad
  2459 | Lair:2   | Killed a cane toad
  2460 | Lair:2   | Reached XP level 11. HP: 32/96 MP: 9/12
  2463 | Lair:2   | Your magical essence is drained by the effort!
  2495 | Lair:2   | Your magical essence is drained by the effort!
  2556 | Lair:2   | Found a hole to the Spider Nest.
  2561 | Lair:2   | Reached skill level 5 in Transmutations
  2579 | Lair:2   | Reached skill level 12 in Axes
  2607 | Lair:2   | Your magical essence is drained by the effort!
  2610 | Lair:3   | Found a transporter.
  2610 | Lair:3   | Found a transporter.
  2610 | Lair:3   | Noticed PeterLawrence's ghost (journeyman MiFi)
  2821 | Lair:3   | Noticed a catoblepas
  2995 | Lair:5   | Reached skill level 5 in Spellcasting
  3045 | Lair:5   | Reached XP level 12. HP: 78/109 MP: 12/12
  3052 | Lair:5   | Reached skill level 13 in Axes
  3087 | Lair:5   | Noticed Rupert
  3099 | Lair:6   | Entered Level 6 of the Lair of Beasts
  3222 | Lair:6   | Noticed a catoblepas
  3260 | Lair:6   | Killed a catoblepas
  3261 | Lair:6   | Reached skill level 14 in Axes
  3405 | Lair:6   | Your magical essence is drained by the effort!
  3406 | Lair:6   | Your magical essence is drained by the effort!
  3417 | Lair:6   | Reached skill level 15 in Axes
  3474 | Lair:6   | Your magical essence is drained by the effort!
  3586 | Lair:6   | Reached skill level 16 in Axes
  3641 | Lair:6   | Your magical essence is drained by the effort!
  3669 | Lair:6   | Identified the +5 flail of Experimentation {drain, rF+ rN+}
  3716 | Lair:6   | Reached XP level 13. HP: 102/115 MP: 9/9
  3770 | Lair:5   | Slimified Rupert
  3770 | Lair:5   | Noticed Rupert
  3770 | Lair:5   | Rupert changed into Rupert the azure jelly
  3771 | Lair:5   | Gained mutation: You evolve. [Jiyva's grace]
  3835 | Lair:5   | Found a staircase to the Slime Pits.
  3940 | Lair:3   | Reached skill level 5 in Shields
  3949 | Lair:3   | Found a staircase to the Shoals.
  3966 | Shoals:1 | Entered Level 1 of the Shoals
  4007 | Shoals:1 | Your magical essence is drained by the effort!
  4012 | Shoals:1 | Noticed a merfolk impaler
  4020 | Shoals:1 | Noticed Nikola
  4115 | Spider:1 | Entered Level 1 of the Spider Nest
  4225 | Lair:2   | Your magical essence is drained by the effort!
  4260 | Lair:2   | Your magical essence is drained by the effort!
  4267 | Spider:1 | Noticed an entropy weaver
  4277 | Lair:2   | Your magical essence is drained by the effort!
  4539 | D:5      | Gained mutation: Your flesh is heat resistant. (rF+)
                  | [Jiyva's grace]
  5701 | D:3      | Killed Natasha
  5741 | D:3      | Killed Natasha
  5811 | D:3      | Lost mutation: You expend magic power (3 MP) to strengthen
                  | your wands. [Jiyva's grace]
  5834 | D:3      | Killed Natasha
  7861 | D:5      | Gained mutation: You have sharp fingernails. [evolution]
  7991 | D:6      | Identified the +1 cloak of the Valley of Death {rC+ Will+
                  | Int-2 Stlth+}
  8035 | D:6      | Gained mutation: You are partially covered in iridescent
                  | scales. (AC +2) [Jiyva's grace]
  8056 | D:6      | Found a transporter.
  8058 | D:6      | Noticed tilp's ghost (novice BaSu)
  8100 | D:6      | Found a transporter.
  8106 | D:6      | Found a one-way gate to the infinite horrors of the Abyss.
  8113 | D:6      | Cast into level 1 of the Abyss (kobold brigand)
  8261 | Abyss:1  | Noticed a lich
  8275 | Abyss:1  | Noticed a quicksilver dragon
  8450 | Abyss:2  | Killed a tentacled starspawn
  8693 | Abyss:2  | Noticed a tentacled starspawn
  8704 | Abyss:2  | Mangled by a tentacled starspawn

Illustrated notes

Levels and vault maps discovered:
D:1:      minmay_arrival_cross, layout_basic
D:2:      layout_loops_ring, shapermc_ecumenical_altar_starsandcircs,
          minmay_pentomino_x4
D:3:      layout_loops_corners, uniq_natasha
D:4:      layout_basic, minmay_temple_entry_antechambers, bh_walls_and_bars
D:5:      layout_basic, kiku_gazebo_pond_becter
D:6:      layout_loops_ring, gammafunk_ghost_abyssal_escape,
          serial_park_tiny_pond
D:7:      layout_cave_pods, nicolae_ru_sacrificial_ziggurat,
          serial_column_ruins, column_ruins_hut_ruined, column_ruins_open_tiny,
          column_ruins_open_tiny, column_ruins_corridor_straight,
          column_ruins_grid_1, column_ruins_grid_1, minmay_holes,
          chequers_serial_rivers_marsh, minmay_misc_feat_alley,
          mumra_transporter_accident, sigmund_edmund_badplayer
D:8:      layout_basic, chei_slow_surprise, nicolae_lava_and_water
D:9:      layout_roguey [special_room_orc], nicolae_overflow_hidden_temple,
          nicolae_dithmenos_shadow_blocks, lair_entry_dummy, serial_shops, shop,
          shop, nicolae_shop_temple_entry_statues_fountains, shop, shop
D:10:     layout_basic, bloody_makhleb, old_standard_altar, uniq_snorg
D:11:     minmay_the_grid_net [minmay_the_grid_plusring,
          minmay_the_grid_zigzag_pyramid, minmay_the_grid_large_cup,
          minmay_the_grid_aliased_spiral, minmay_the_grid_tiny_cups,
          minmay_the_grid_prize_four_corners], layout_cave_pods
D:12:     cheibrodos_shockbox, layout_small_grid, david_orc_3,
          ebering_ghost_rock_garden
Lair:1:   layout_misc_corridors
Lair:2:   layout_small_grid, nicolae_spider_entry_tight_spaces,
          hibernation_bobbens
Lair:3:   layout_cave_pods, elwin_shoals_entry_rooms, gammafunk_ghost_arena,
          lemuel_old_faithful
Lair:4:   nzn_winding_woodlands_three_and_one
          [nzn_winding_woodlands_5x15_concentric,
          nzn_winding_woodlands_5x15_sawtooth,
          nzn_winding_woodlands_5x15_parted,
          nzn_winding_woodlands_center_garden], layout_layer_cave, serial_bayou,
          serial_bayou_shore_b, serial_bayou_pond_d, serial_bayou_pond_b,
          serial_bayou_lagoon_a, uniq_sonja
Lair:5:   layout_layer_cave, minmay_slime_entry_pillars,
          chequers_serial_rivers_marsh, worms_lemuel, grunt_megastairs_4,
          uniq_rupert
Lair:6:   hangedman_lair_caniforms_friends, layout_misc_corridors
Shoals:1: layout_shoals, uniq_nikola
Spider:1: layout_spider_delve
Abyss:2:  base:
D:4

Skill      XL: |  1  2  3  4  5  6  7  8  9 10 11 12 13 |
---------------+----------------------------------------+-----
Fighting       | 3 4 5 7 |  7.9
Dodging        | 1 2 3 |  3.6
Axes           | 3 4 5 6 8 10 11 12 16 | 16.0
Armour         | 4 5 6 8 |  8.8
Evocations     | 1 2 3 4 5 7 8 |  8.3
Spellcasting   | 1 2 3 5 |  5.4
Translocations | 3 5 6 |  6.6
Transmutations | 2 4 6 |  6.0
Shields        | 4 5 |  5.3

Action                   |  1- 3 |  4- 6 |  7- 9 | 10-12 | 13-15 || total
-------------------------+-------+-------+-------+-------+-------++-------
Melee: War axe           |    66 |    66 |   160 |       |       ||   292
       Hand axe          |       |       |   107 |   549 |   240 ||   896
Throw: Boomerang         |       |     1 |     9 |    19 |    12 ||    41
 Cast: Wereblood         |       |       |       |    15 |     7 ||    22
       Apportation       |       |       |       |     2 |     3 ||     5
Invok: Request Jelly     |       |       |     7 |     5 |     1 ||    13
       Slimify           |       |       |       |       |     1 ||     1
 Abil: Heal Wounds       |     1 |     6 |     9 |    23 |    22 ||    61
       Evoke Invisibilit |       |       |     2 |     7 |     3 ||    12
Evoke: Wand              |       |     4 |    14 |    23 |     2 ||    43
  Use: Scroll            |     3 |     1 |     3 |     7 |     4 ||    18
       Potion            |       |     1 |       |     1 |     7 ||     9
 Stab: Invisible         |       |       |     6 |    39 |    14 ||    59
       Petrified         |       |       |       |     3 |       ||     3
       Petrifying        |       |       |       |     1 |       ||     1
Armor: Scale mail        |    42 |       |       |       |    28 ||    70
       Plate armour      |    14 |    53 |   139 |   227 |   124 ||   557
Dodge: Dodged            |    32 |    16 |    74 |   183 |   112 ||   417
Block: Kite shield       |    41 |    15 |       |       |   189 ||   245
       Buckler           |       |    12 |    75 |   159 |    25 ||   271

Table legend: (Time is in decaauts)
 A = Elapsed time spent in this place.
 B = Non-inter-level travel time spent in this place.
 C = Inter-level travel time spent in this place.
 D = Time resting spent in this place.
 E = Time spent auto-exploring this place.
 F = Levels seen in this place.
 G = Mean time per level.
                   A        B        C        D        E       F      G
               +--------+--------+--------+--------+--------+-----+--------+
         Total |   8544 |   8061 |    483 |    316 |   3052 |  22 |  388.4 |
       Dungeon |   5994 |   5558 |    436 |      0 |   3052 |  12 |  499.5 |
          Lair |   1850 |   1803 |     47 |      0 |      0 |   6 |  308.3 |
        Shoals |     57 |     57 |      0 |      0 |      0 |   1 |   57.0 |
   Spider Nest |     72 |     72 |      0 |      0 |      0 |   1 |   72.0 |
         Abyss |    568 |    568 |      0 |    316 |      0 |   2 |  284.0 |
               +--------+--------+--------+--------+--------+-----+--------+

Top non-repeatable levels by time:
     D:4: 1014 daAuts
     D:5: 947 daAuts
     D:3: 854 daAuts
     D:2: 720 daAuts
     D:1: 573 daAuts
     D:9: 569 daAuts
  Lair:6: 478 daAuts
  Lair:2: 424 daAuts
     D:7: 354 daAuts
  Lair:3: 329 daAuts
     D:8: 294 daAuts
  Lair:5: 293 daAuts
     D:6: 290 daAuts
 Abyss:2: 290 daAuts
    D:10: 289 daAuts
